 Dungeon Crawl Stone Soup version 0.27.0-1-g7a08968 (webtiles) character file.

Game seed: 2787811853441214978

5859 brinewave the Nimble (level 10, -4/44 HPs)
             Began as a Spriggan Venom Mage on Aug 14, 2021.
             Was a Follower of Vehumet.
             Slain by an orc warrior (19 damage)
             ... on level 9 of the Dungeon on Aug 15, 2021.
             The game lasted 01:09:48 (11655 turns).

brinewave the Nimble (Spriggan Venom Mage)         Turns: 11655, Time: 01:09:49

Health: -4/44      AC:  7    Str:  4    XL:     10   Next: 52%
Magic:  20/23      EV: 35    Int: 21    God:    Vehumet [*.....]
Gold:   404        SH:  0    Dex: 15    Spells: 12/25 levels left

rFire    . . .     SeeInvis +   a - +2 short sword (freeze)
rCold    . . .     Faith    .   (shield restricted)
rNeg     . . .     Spirit   .   r - +3 troll leather armour {Purgy}
rPois    +         Reflect  .   (helmet restricted)
rElec    .         Harm     .   (no cloak)
rCorr    .         Rampage  .   (gloves unavailable)
Will     +....                  (boots unavailable)
Stlth    +++.......             B - amulet of the acrobat
HPRegen  1.14/turn              v - ring of poison resistance
MPRegen  0.18/turn              (no ring)

@: acrobatic, studying Bows, very quick
A: very small, no large weapons, unfitting armour, see invisible, speed 3
a: Renounce Religion


You were on level 9 of the Dungeon.
You worshipped Vehumet.
Vehumet was aware of your devotion.
You visited 3 branches of the dungeon, and saw 11 of its levels.
You also visited: Sewer.

You collected 404 gold pieces.

Inventory:

Hand Weapons
 a - a +2 short sword of freezing (weapon)
 y - a +0 shortbow
Missiles
 d - 136 arrows
 f - 202 stones
 h - 22 bolts
 i - 17 sling bullets
 n - 5 atropa-tipped darts
 u - 2 boomerangs of dispersal
 C - 5 poisoned darts
 D - 2 datura-tipped darts
 E - a curare-tipped dart
 H - 6 boomerangs
Armour
 k - a +0 robe
 r - a +3 troll leather armour (worn) {Purgy}
 x - +0 steam dragon scales
Magical Staves
 p - a staff of conjuration
Jewellery
 v - a ring of poison resistance (left hand)
 B - an amulet of the acrobat (around neck)
Wands
 b - a wand of flame (65)
 o - a wand of polymorph (6)
 w - a wand of acid (18)
 A - a wand of iceblast (8)
Scrolls
 q - 3 scrolls of teleportation
 F - a scroll of blinking
 G - a scroll of amnesia {unknown}
Potions
 c - 3 potions of haste
 e - 2 potions of resistance
 g - 2 potions of might
 j - 4 potions of curing
 l - 4 potions of berserk rage
 m - 2 potions of flight
 s - a potion of magic
 t - a potion of heal wounds
Miscellaneous
 z - a lightning rod (3/4)


   Skills:
 + Level 7.0 Short Blades
 + Level 9.2 Dodging
 + Level 7.2 Stealth
 + Level 8.2 Spellcasting
 + Level 8.6 Transmutations
 + Level 6.6 Poison Magic
 + Level 6.8 Evocations


You had 12 spell levels left.
You knew the following spells:

 Your Spells              Type           Power      Damage    Failure   Level
a - Sting                 Tmut/Pois      100%       1d8       1%          1
b - Wereblood             Tmut           44%        N/A       1%          2
c - Poisonous Vapours     Pois/Air       44%        N/A       5%          2
d - Passwall              Tmut/Erth      21%        N/A       3%          2
e - Pain                  Necr           32%        1d5       14%         1
f - Olgreb's Toxic Radia  Pois           36%        N/A       9%          4
g - Sandblast             Erth           16%        2d6       14%         1

Your spell library contained the following spells:

 Spells                   Type           Power      Damage    Failure   Level
 Blade Hands              Tmut           22%        N/A       11%         5
 Animate Skeleton         Necr           16%        N/A       14%         1
 Corona                   Hex            8%         N/A       14%         1
 Summon Small Mammal      Summ           32%        N/A       14%         1
 Mephitic Cloud           Conj/Pois/Air  17%        N/A       17%         3
 Ensorcelled Hibernation  Hex/Ice        16%        N/A       22%         2
 Sublimation of Blood     Necr           4%         N/A       22%         2
 Ice Form                 Ice/Tmut       26%        N/A       24%         4
 Petrify                  Tmut/Erth      26%        N/A       24%         4
 Gell's Gravitas          Tloc           4%         N/A       38%         3
 Swiftness                Air            8%         N/A       38%         3
 Teleport Other           Tloc           8%         N/A       38%         3
 Tukima's Dance           Hex            8%         N/A       38%         3
 Vampiric Draining        Necr           4%         2d6       38%         3
 Irradiate                Conj/Tmut      13%        3d18      54%         5
 Hailstorm                Conj/Ice       8%         3d4       80%         4
 Leda's Liquefaction      Hex/Erth       4%         N/A       80%         4
 Dragon Form              Tmut           22%        N/A       98%         7
 Dispersal                Tloc           4%         N/A       100%        6
 Invisibility             Hex            4%         N/A       100%        6
 Simulacrum               Ice/Necr       4%         N/A       100%        6
 Summon Hydra             Summ           4%         N/A       100%        7
 Summon Horrible Things   Summ           4%         N/A       100%        8


Dungeon Overview and Level Annotations

Branches:
Dungeon (9/15)             Temple (1/1) D:7             Orc (1/2) D:9
  Sewer (visited)
   Lair: D:8-11

Altars:
Cheibriados
Elyvilon
Fedhas
Gozag
Okawaru
Sif Muna
Vehumet
Wu Jian
Xom
Zin
Beogh
Lugonu

Annotations:
D:2 Sigmund
D:3 1 runed translucent door, Crazy Yiuf


Innate Abilities, Weirdness & Mutations

You are very small and have problems with some larger weapons.
You are too small for most types of armour.
You have supernaturally acute eyesight. (SInv)
You cover ground extremely quickly. (Speed+++)


Message History

You climb upwards.
Welcome back to the Dungeon!
There is a staircase to the Orcish Mines here.
You open the door.
An orc, an orc warrior, 2 orc priests and an orc wizard come into view.
Found a runed rapier and 17 gold pieces.
Found a roughly hewn altar of Beogh.
An orc warrior comes into view. It is wielding a +0 glaive.
The orc wizard shouts!
You hear a shout! x2
The orc priest mumbles some strange prayers to Beogh against you.
Beogh smites you!
Aiming: Sting (safe; 1% risk of failure)
Press: ? - help, Q - select action, (/) - cycle Shift-Dir - straight line, f - you
Okay, then.
Casting: Sting (safe; 1% risk of failure)
Confirm with . or Enter, or press ? or * to list all spells.
Aiming: Poisonous Vapours (safe; 5% risk of failure)
Press: ? - help, Dir - move target, f - orc warrior
Aim: an orc warrior, wielding a +0 glaive and wearing a +0 plate armour Poisonous vapours surround the orc warrior!
The orc warrior is poisoned.
Aiming: Sting (safe; 1% risk of failure)
Press: ? - help, Q - select action, (/) - cycle Shift-Dir - straight line, f/p - orc warrior
Aim: an orc warrior, wielding a +0 glaive and wearing a +0 plate armour (lightly wounded, poisoned, 78% to hit)
The sting hits the orc warrior but does no damage.
The orc warrior looks even sicker.
The orc warrior is lightly wounded.
Aiming: Sting (safe; 1% risk of failure)
Press: ? - help, Q - select action, (/) - cycle Shift-Dir - straight line, f/p - orc warrior
Aim: an orc warrior, wielding a +0 glaive and wearing a +0 plate armour (lightly wounded, very poisoned, 78% to hit)
The sting hits the orc warrior but does no damage.
The orc warrior looks even sicker.
The orc warrior is lightly wounded.
The orc warrior hits you from afar with a +0 glaive!
The orc priest invokes the aid of Beogh against you.
Beogh smites you!
You hit the orc warrior. You freeze the orc warrior.
The orc warrior is moderately wounded.
The orc warrior hits you with a +0 glaive.
The orc warrior hits you from afar with a +0 glaive!!
You die...

.# ############ #### .# #
.# # .# ###### .######
#....## ###### >.....#
#....8#..o$.#. ......#
#.[[).#)....#. †.....#
#########.[>..ooo_..#.
......#
##....@.ooo..o.#..o..#.
......#####..########...8#
...o#. ............##
############.
......####### #......
[.....# #...... #######
#...... #######


You could see 2 orc warriors, an orc priest and an orc wizard.

Vanquished Creatures
  2 two-headed ogres
  Pikel (D:8)
  A steam dragon (D:9)
  An acid dragon (D:9)
  3 water moccasins
  4 orc warriors
  Purgy (Sewer)
  2 sky beasts
  2 black bears
  2 necrophages (D:5)
  2 ice beasts
  4 ogres
  2 centaurs
  A kobold brigand (D:9)
  Blork the orc (D:6)
  3 bullfrogs
  2 wyvern zombies
  2 scorpions
  A wyvern skeleton (D:6)
  4 howler monkeys
  2 hounds
  6 centaur zombies
  2 orc priests
  A jelly (D:5)
  A bullfrog skeleton (D:3)
  Ijyb (D:3)
  3 iguanas
  3 centaur skeletons
  7 orc wizards
  Terence (D:3)
  A killer bee zombie (D:7)
  A hound zombie (D:5)
  A howler monkey zombie (D:9)
  10 gnolls
  6 adders
  A river rat (D:4)
  2 shadow imps
  4 white imps
  An ufetubus (D:6)
  3 worms
  3 dart slugs
  24 orcs
  6 ball pythons
  8 endoplasms
  8 giant cockroaches
  7 goblins
  7 hobgoblins
  4 jackals
  2 quokkas
  4 bats
  4 frilled lizards
  6 kobolds
  8 rats
189 creatures vanquished.

Vanquished Creatures (others)
  3 fungi (D:4)
  4 toadstools (D:4)
7 creatures vanquished.

Grand Total: 196 creatures vanquished

Notes
Turn   | Place    | Note
-------+----------+-------------------------------------------
     0 | D:1      | brinewave the Spriggan Venom Mage began the quest for the
                  | Orb.
     0 | D:1      | Reached XP level 1. HP: 9/9 MP: 5/5
   373 | D:1      | Reached skill level 3 in Dodging
   373 | D:1      | Reached XP level 2. HP: 13/13 MP: 2/6
   846 | D:1      | Reached XP level 3. HP: 16/16 MP: 5/8
  1446 | D:2      | Noticed Sigmund
  2374 | D:2      | Reached skill level 1 in Short Blades
  2876 | D:3      | Reached XP level 4. HP: 21/21 MP: 3/9
  3299 | D:3      | Reached skill level 4 in Dodging
  3509 | D:3      | Reached XP level 5. HP: 24/24 MP: 7/10
  3681 | D:3      | Noticed Terence
  3684 | D:3      | Noticed Ijyb
  3714 | D:3      | Killed Terence
  4035 | D:3      | Killed Ijyb
  4105 | D:3      | Found a runed translucent door.
  4106 | D:3      | Noticed Crazy Yiuf
  4533 | D:4      | Reached XP level 6. HP: 26/28 MP: 9/12
  4536 | D:4      | Found an iron altar of Okawaru.
  4583 | D:4      | Found a glowing drain.
  4593 | Sewer    | Entered a sewer
  4792 | Sewer    | Noticed Purgy
  4828 | Sewer    | HP: 1/28 [Purgy (6)]
  4829 | Sewer    | Killed Purgy
  5256 | D:4      | Reached skill level 5 in Dodging
  5324 | D:4      | Reached XP level 7. HP: 32/32 MP: 8/14
  5791 | D:4      | Learned a level 2 spell: Wereblood
  5914 | D:5      | Entered Level 5 of the Dungeon
  6210 | D:5      | Reached skill level 5 in Transmutations
  6213 | D:5      | Learned a level 2 spell: Poisonous Vapours
  6216 | D:5      | Learned a level 2 spell: Passwall
  6218 | D:5      | Learned a level 1 spell: Pain
  6313 | D:5      | Reached skill level 5 in Poison Magic
  6618 | D:5      | Reached skill level 5 in Spellcasting
  6682 | D:5      | Reached skill level 6 in Dodging
  6682 | D:5      | Reached skill level 1 in Evocations
  6682 | D:5      | Reached XP level 8. HP: 8/36 MP: 12/16
  6789 | D:5      | Found a basalt altar of Yredelemnul.
  6791 | D:5      | Found a shimmering altar of Xom.
  6791 | D:5      | Found a bloodstained altar of Trog.
  6793 | D:5      | Found a shadowy altar of Dithmenos.
  6793 | D:5      | Found a hide-covered altar of Uskayaw.
  6793 | D:5      | Found a glowing golden altar of the Shining One.
  7282 | D:6      | Found a shimmering blue altar of Sif Muna.
  7303 | D:6      | Noticed Blork the orc
  7325 | D:6      | Killed Blork the orc
  7402 | D:6      | Noticed a two-headed ogre
  7453 | D:6      | Killed a two-headed ogre
  7454 | D:6      | Reached skill level 5 in Short Blades
  7454 | D:6      | Reached skill level 7 in Dodging
  7454 | D:6      | Reached XP level 9. HP: 39/39 MP: 8/19
  8780 | D:7      | Found a staircase to the Ecumenical Temple.
  8796 | D:7      | Reached skill level 5 in Evocations
  8954 | Temple   | Entered the Ecumenical Temple
  8969 | Temple   | Became a worshipper of Vehumet
  9283 | D:7      | Reached skill level 5 in Stealth
  9356 | D:7      | Reached skill level 8 in Dodging
  9548 | D:7      | Found a glowing silver altar of Zin.
  9592 | D:8      | Noticed Pikel
  9643 | D:8      | Killed Pikel
  9754 | D:8      | Noticed a two-headed ogre
  9809 | D:8      | Killed a two-headed ogre
  9810 | D:8      | Reached XP level 10. HP: 44/44 MP: 10/22
  9976 | D:8      | Got the Collected Works on Bewitching Summoning
  9982 | D:8      | Learned a level 4 spell: Olgreb's Toxic Radiance
 10014 | D:8      | Found a blossoming altar of Fedhas.
 10201 | D:8      | Noticed a centaur warrior
 10807 | D:9      | Reached skill level 9 in Dodging
 10813 | D:9      | Reached * piety under Vehumet
 10813 | D:9      | Offered knowledge of Sandblast by Vehumet.
 10855 | D:9      | Learned a level 1 spell: Sandblast
 11215 | D:9      | Found a staircase to the Orcish Mines.
 11233 | Orc:1    | Entered Level 1 of the Orcish Mines
 11492 | Orc:1    | Found a radiant altar of Vehumet.
 11655 | D:9      | Slain by an orc warrior

Illustrated notes

Levels and vault maps discovered:
D:1:      amcnicky_arrival_flooded_fountain, layout_loops_ring, st_stairs_13,
          hangedman_feature_mirror
D:2:      layout_basic, amethyst_killhole, uniq_sigmund, uniq_robin
D:3:      layout_loops_cross, uniq_ijyb, uniq_crazy_yiuf_cottage, uniq_terence
D:4:      layout_cave_pools, okawaru_metal_pillars_1_2, serial_column_ruins,
          column_ruins_hut_ruined, column_ruins_open_small,
          column_ruins_open_tiny, column_ruins_grid_1,
          column_ruins_columns_corner, portal_sewer_entry_a,
          minmay_gold_behind_fungi
D:5:      layout_loops_corners, doesnt_xom_only_xom
D:6:      layout_basic, led_sif_pool, minivault_11, minmay_manual_mail,
          uniq_blork_the_orc
D:7:      layout_loops_ring, zin_scriptorium, minmay_temple_entry_glass
D:8:      layout_basic, lemuel_tele_altar, uniq_pikel
D:9:      layout_roguey, minmay_orc_entry_temple_small
Temple:   corrupted_temple
Orc:1:    layout_caves, basic_altar

Skill      XL: |  1  2  3  4  5  6  7  8  9 10 |
---------------+-------------------------------+-----
Dodging        | 3 4 5 6 7 8 9 |  9.2
Transmutations | 2 3 4 5 6 8 |  8.6
Stealth        | 4 6 7 |  7.2
Short Blades   | 1 2 3 4 5 6 7 |  7.0
Spellcasting   | 3 4 5 6 7 8 |  8.2
Poison Magic   | 4 5 6 |  6.6
Evocations     | 1 3 6 |  6.8

Action                   |  1- 3 |  4- 6 |  7- 9 | 10-12 || total
-------------------------+-------+-------+-------+-------++-------
Melee: Unarmed           |     1 |       |       |       ||     1
       Dagger            |    12 |       |       |       ||    12
       Short sword       |     6 |    60 |   305 |   218 ||   589
 Cast: Sting             |    98 |    85 |   128 |    21 ||   332
       Poisonous Vapours |       |       |    18 |    10 ||    28
       Wereblood         |       |       |    12 |    12 ||    24
       Pain              |       |       |     8 |     4 ||    12
       Passwall          |       |       |     1 |       ||     1
       Olgreb's Toxic Ra |       |       |       |     2 ||     2
Evoke: Lightning rod     |       |       |       |     1 ||     1
  Use: Scroll            |       |     7 |     9 |     6 ||    22
 Stab: Sleeping          |       |     2 |     6 |     7 ||    15
       Distracted        |       |       |       |     1 ||     1
Armor: Robe              |     3 |     8 |       |       ||    11
       Troll leather arm |       |       |    48 |    25 ||    73
Dodge: Dodged            |    30 |    58 |   245 |   169 ||   502
